Map: New Repugnancy LE

Players

ALLMIGHT - Winner!

  • Race: Zerg Zerg
  • League: Grandmaster
  • Spawn Location: 1:00

llllllllllll

  • Race: Zerg Zerg
  • League: Master
  • Spawn Location: 7:00

VOD

Have the link to the VOD?

Description

Time

  • Played on: May 5, 2019, 10:10 p.m.
  • Length: 8:45
Show
View Real Time Build Order
Export as new Build Order

ALLMIGHT Zerg - Winner!

Build Orders: Hatch First, Zergling Baneling 

Get SALT Encoding   

  12  0:01  Drone  
  13  0:12  Overlord  
  13  0:18  Drone  
  14  0:32  Drone x2  
  16  0:50  Hatchery  
  16  0:52  Drone  
  16  0:55  Drone  
  17  1:00  Drone  
  18  1:09  Extractor  
  17  1:16  Spawning Pool  
  17  1:17  Drone  
  17  1:21  Drone  
  18  1:31  Drone  
  19  1:41  Overlord  
  19  2:02  Queen  
  19  2:03  Zergling x6  
  19  2:04  Queen  
  26  2:10  Metabolic Boost  
  26  2:14  Drone x2  
  28  2:22  Drone  
  29  2:25  Drone  
  30  2:34  Drone  
  31  2:38  Drone  
  31  2:39  Baneling Nest  
  31  2:43  Drone  
  32  2:53  Hatchery  
  31  2:59  Overlord  
  31  3:02  Drone x2  
  33  3:08  Drone x2  
  35  3:17  Zergling x8  
  39  3:20  Zergling x2  
  39  3:24  Zergling x2  
  39  3:26  Baneling x2  
  39  3:27  Baneling x2  
  41  3:32  Zergling x4  
  42  3:41  Roach Warren  
  42  3:43  Overlord  
  42  3:44  Drone x2  
  42  3:46  Drone  
  42  3:59  Baneling  
  41  4:10  Zergling x14  
  41  4:17  Baneling x2  
  42  4:20  Drone  
  42  4:22  Drone x7  
  42  4:24  Queen  
  50  4:27  Baneling  
  52  4:33  Overlord x2  
  50  4:41  Zergling x6  
  52  4:53  Drone x9  
  52  4:54  Baneling x2  
  52  4:59  Extractor  
  60  5:01  Extractor  
  60  5:03  Evolution Chamber  
  58  5:07  Drone x3  
  61  5:16  Overlord x2  
  59  5:30  Baneling  
  59  5:37  Drone x11  
  59  5:39  Zerg Missile Weapons Level 1  
  59  5:40  Lair  
  59  5:41  Drone x4  
  72  5:44  Baneling x2  
  72  5:49  Overlord x2  
  72  5:58  Roach, Extractor  
  72  5:59  Roach x2  
  76  6:05  Roach  
  77  6:18  Roach  
  77  6:19  Roach x6  
  77  6:21  Drone x4  
  77  6:24  Extractor  
  92  6:29  Overlord  
  92  6:30  Overlord  
  92  6:39  Glial Reconstitution  
  92  6:41  Roach x4  
  100  6:51  Roach x6  
  100  6:52  Roach  
  114  6:58  Overlord x4  
  114  6:59  Overlord  
  114  7:03  Roach  
  114  7:08  Overlord x2  
  116  7:12  Roach  
  118  7:18  Roach x5  
  118  7:20  Hatchery  
  131  7:22  Roach  
  131  7:23  Roach x4  
  131  7:25  Roach  
  139  7:34  Roach x3  
  145  7:39  Roach  
  145  7:40  Roach  
  145  7:43  Drone  
  150  7:44  Pneumatized Carapace  
  150  7:48  Roach x2  
  150  7:51  Drone x6  
  160  7:53  Extractor  
  160  7:54  Roach x2  
  163  7:59  Roach x2  
  151  8:13  Roach x4  
Show
View Real Time Build Order
Export as new Build Order

llllllllllll Zerg 

Build Orders: Hatch First 

Get SALT Encoding   

  12  0:01  Drone  
  13  0:13  Overlord  
  13  0:17  Drone  
  14  0:33  Drone x2  
  16  0:49  Hatchery  
  15  0:53  Drone  
  15  0:56  Drone  
  17  1:00  Drone  
  18  1:10  Extractor  
  17  1:15  Spawning Pool  
  16  1:19  Drone  
  16  1:21  Drone  
  18  1:29  Drone  
  19  1:40  Drone  
  20  1:50  Drone  
  21  2:02  Queen x2, Overlord  
  21  2:03  Drone  
  26  2:10  Metabolic Boost  
  26  2:12  Drone  
  26  2:14  Drone  
  28  2:25  Zergling x4  
  30  2:35  Zergling x4  
  32  2:46  Baneling Nest  
  32  2:49  Overlord  
  31  2:54  Drone  
  32  3:00  Drone x2  
  34  3:08  Hatchery  
  33  3:13  Drone x5  
  33  3:14  Drone x2  
  40  3:23  Drone x2  
  40  3:24  Overlord  
  42  3:32  Overlord  
  42  3:35  Baneling x2  
  41  3:41  Baneling  
  41  3:42  Evolution Chamber, Baneling  
  41  3:43  Queen  
  41  3:46  Zergling x6  
  43  3:56  Zergling x4  
  43  4:03  Zergling x6  
  43  4:04  Zergling x4  
  46  4:10  Drone  
  46  4:12  Queen  
  46  4:14  Baneling x2  
  43  4:19  Drone x4  
  43  4:20  Drone x2  
  49  4:25  Baneling  
  49  4:31  Drone  
  50  4:33  Drone  
  45  4:45  Zergling x4  
  45  4:53  Drone x4  
  45  4:55  Zerg Missile Weapons Level 1  
  45  4:57  Drone x3  
  52  5:05  Overlord x2  
  52  5:08  Drone  
  52  5:09  Overlord  
  53  5:18  Extractor x2  
  53  5:19  Drone x4  
  53  5:20  Drone x2, Roach Warren  
  50  5:29  Drone x2  
  50  5:30  Drone x2  
  50  5:35  Queen  
  51  5:43  Queen  
  51  5:45  Zergling x6  
  51  5:46  Zergling x4  
  51  5:48  Lair  
  58  6:00  Drone x5  
  58  6:01  Drone x2  
  63  6:07  Drone x2  
  63  6:08  Evolution Chamber, Drone x2  
  62  6:14  Baneling x2  
  62  6:17  Drone x2  
  64  6:29  Roach x2  
  64  6:30  Roach  
  70  6:36  Evolution Chamber  
  70  6:37  Zerg Ground Armor Level 1, Extractor  
  70  6:39  Drone x2  
  71  6:44  Pneumatized Carapace  
  71  6:51  Glial Reconstitution  
  71  6:54  Overlord  
  71  6:55  Overlord x2  
  70  7:02  Roach x4  
  70  7:07  Drone  
  79  7:11  Extractor  
  79  7:15  Hatchery  
  77  7:17  Roach x6  
  89  7:27  Overlord  
  89  7:28  Overlord x2  
  89  7:31  Roach x4  
  89  7:32  Roach x2  
  101  7:44  Roach x6  
  113  7:51  Roach  
  113  7:52  Roach x2  
  113  7:56  Roach x4  
  127  8:00  Roach  
  129  8:08  Roach x5  
Tags
 
Add a new tag
Caveats
  • Supply blocks, unpowered buildings, or Contaminate may cause inaccurate times.
  • Supply counts are checked every 10 seconds.